 Dungeon Crawl Stone Soup version 0.28.0-53-g5a82cb258f (webtiles) character file.

Game seed: 16851350570299212872

254078 trickyswaf the Slayer (level 19, -1/195 HPs)
             Began as a Minotaur Fighter on June 11, 2022.
             Was a Believer of Ashenzari.
             Slain by a green very ugly thing (7 damage)
             ... on level 3 of the Abyss.
             The game lasted 01:51:06 (59104 turns).

trickyswaf the Slayer (Minotaur Fighter)           Turns: 59104, Time: 01:51:07

Health: -1/195     AC: 31    Str: 30    XL:     19   Next: 1%
Magic:  0/14       EV: 16    Int:  9    God:    Ashenzari [**....]
Gold:   2128       SH: 19    Dex: 15    Spells: 18/18 levels left

rFire   + + .      SeeInvis +   q - +9 morningstar (flame)
rCold   + + .      Faith    .   b - +5 kite shield "Eriutap" {rElec Regen+ Stlth-}
rNeg    + + .      Spirit   +   y - +4 plate armour of the Fated Vexation {Will+, Melee, Fort} (curse)
rPois   +          Reflect  .   z - -2 hat of the Alchemist {rElec rPois rF+ rC+ rN+ Will+ rMut rCorr, Melee, Self} (curse)
rElec   +          Harm     .   Y - +2 cloak
rCorr   +          Rampage  .   J - +2 pair of gloves of Ashenzari's Optimism {Str+3, Melee, Cun} (curse)
rMut    +                       s - +1 pair of boots of Ashenzari's Blue Moon {Cun, Self} (curse)
Will    +++..                   R - amulet of guardian spirit
Stlth   ..........              v - ring of Loir {+Blink rF- rCorr Dex+3}
HPRegen 0.42/turn               a - ring of the King {rF+ rN+ rCorr Int+4 Stlth+}
MPRegen 0.14/turn

@: resistant, invisible
A: horns 2, retaliatory headbutt, subdued magic 1, [low MP 2]
}: 2/15 runes: decaying, gossamer
a: Renounce Religion, Evoke Blink, Shatter the Chains


You were on level 3 of the Abyss.
You worshipped Ashenzari.
Ashenzari was pleased with you.
You visited 7 branches of the dungeon, and saw 33 of its levels.
You visited the Abyss 1 time.
You also visited: Volcano and Desolation.

You collected 5121 gold pieces.
You spent 2993 gold pieces at shops.

Inventory:

Hand Weapons
 n - the +10 mace "Kirays" {antimagic, rC+ Str+5}
   (You found it on level 1 of the Swamp)

   It reduces the magical energy of the wielder, and disrupts the spells and
   magical abilities of those it strikes.
   Natural abilities and divine invocations are not affected.
   Str:       It affects your strength (+5).
   rC:        It protects you from cold.
 q - a +9 morningstar of flaming (weapon)
Missiles
 u - a throwing net (quivered)
Armour
 b - the +5 kite shield "Eriutap" (worn) {rElec Regen+ Stlth-}
   (You acquired it on level 13 of the Dungeon)

   rElec:     It insulates you from electricity.
   Regen:     It increases your rate of health regeneration.
   Stlth:     It makes you less stealthy.
 s - the cursed +1 pair of boots of Ashenzari's Blue Moon (worn) {Cun, Self}
   (You found it on level 2 of the Dungeon)

   It has a curse which improves the following skills: Cunning: Dodging and
   Stealth.
   Introspection: Fighting and Spellcasting.
 y - the cursed +4 plate armour of the Fated Vexation (worn) {Will+, Melee, Fort}
   (You bought it in a shop on level 1 of the Dungeon)

   It has a curse which improves the following skills: Melee Combat: Short
   Blades, Long Blades, Axes, Maces & Flails, Polearms, Staves and Unarmed
   Combat.
   Fortitude: Armour and Shields.
 z - the cursed -2 hat of the Alchemist (worn) {rElec rPois rF+ rC+ rN+ Will+ rMut rCorr, Melee, Self}
   (You bought it in a shop on level 1 of the Dungeon)

   rF:        It protects you from fire.
   rC:        It protects you from cold.
   rElec:     It insulates you from electricity.
   rPois:     It protects you from poison.
   rN:        It protects you from negative energy.
   rCorr:     It protects you from acid and corrosion.
   rMut:      It protects you from mutation.
   Will:      It increases your willpower.
   It has a curse which improves the following skills: Melee Combat: Short
   Blades, Long Blades, Axes, Maces & Flails, Polearms, Staves and Unarmed
   Combat.
   Introspection: Fighting and Spellcasting.
 H - +0 fire dragon scales
 J - the cursed +2 pair of gloves of Ashenzari's Optimism (worn) {Str+3, Melee, Cun}
   (You bought it in a shop on level 2 of the Orcish Mines)

   It has a curse which improves the following skills: Melee Combat: Short
   Blades, Long Blades, Axes, Maces & Flails, Polearms, Staves and Unarmed
   Combat.
   Cunning:   Dodging and Stealth.
 N - +0 swamp dragon scales
 V - a +2 pair of gloves of dexterity
 W - +0 swamp dragon scales
 Y - a +2 cloak (worn)
Jewellery
 a - the ring of the King (right hand) {rF+ rN+ rCorr Int+4 Stlth+}
   (You found it on level 9 of the Dungeon)

   [ring of resist corrosion]

   Int:       It affects your intelligence (+4).
   rF:        It protects you from fire.
   rN:        It protects you from negative energy.
   rCorr:     It protects you from acid and corrosion.
   Stlth:     It makes you more stealthy.
 e - a +6 ring of dexterity
 m - a ring of resist corrosion
 v - the ring of Loir (left hand) {+Blink rF- rCorr Dex+3}
   (You found it on level 3 of the Dungeon)

   [ring of resist corrosion]

   Dex:       It affects your dexterity (+3).
   rF:        It makes you vulnerable to fire.
   +Blink:    It lets you blink.
   rCorr:     It protects you from acid and corrosion.
 L - a +6 ring of intelligence
 O - an amulet of regeneration
 R - an amulet of guardian spirit (around neck)
 T - a ring of flight
 X - a +4 ring of evasion
Wands
 d - a wand of polymorph (27)
 B - a wand of digging (9)
 C - a wand of paralysis (30)
 E - a wand of iceblast (5)
 F - a wand of charming (4)
 G - a wand of mindburst (5)
 K - a wand of flame (103)
Scrolls
 c - 3 scrolls of magic mapping
 g - 7 scrolls of teleportation
 i - 2 scrolls of fog
 j - 2 scrolls of brand weapon
 l - 3 scrolls of amnesia
 p - 2 scrolls of holy word
 r - 2 scrolls of silence
 I - a scroll of enchant armour
Potions
 f - 4 potions of brilliance
 k - 6 potions of magic
 o - 6 potions of haste
 w - 3 potions of flight
 x - 10 potions of curing
 A - 5 potions of might
 D - a potion of cancellation
 P - 6 potions of ambrosia
Miscellaneous
 U - a piece from Xom's chessboard (15/15)
 Z - a box of beasts


   Skills:
 * Level 21.4(23.0) Fighting
 - Level 18.5(20.8) Maces & Flails
 + Level 5.9 Throwing
 + Level 19.1(20.1) Armour
 + Level 16.1(17.9) Dodging
 - Level 5.7(7.6) Stealth
 + Level 15.7(16.8) Shields


You had 18 spell levels left.
You didn't know any spells.
Your spell library contained the following spells:

 Spells                   Type           Power      Damage    Failure   Level
 Animate Skeleton         Necr           0%         N/A       94%         1
 Apportation              Tloc           0%         N/A       94%         1
 Slow                     Hex            0%         N/A       94%         1
 Summon Small Mammal      Summ           0%         N/A       94%         1
 Corpse Rot               Necr/Air       0%         N/A       98%         2
 Ensorcelled Hibernation  Hex/Ice        0%         N/A       98%         2
 Passwall                 Tmut/Erth      0%         N/A       98%         2
 Call Canine Familiar     Summ           0%         N/A       100%        3
 Dazzling Flash           Conj/Hex       0%         N/A       100%        3
 Ignite Poison            Fire/Tmut/Pois 0%         N/A       100%        3
 Mephitic Cloud           Conj/Pois/Air  0%         N/A       100%        3
 Portal Projectile        Hex/Tloc       0%         N/A       100%        3
 Swiftness                Air            0%         N/A       100%        3
 Dispel Undead            Necr           0%         3d6       100%        4
 Hailstorm                Conj/Ice       0%         3d3       100%        4
 Ice Form                 Ice/Tmut       0%         N/A       100%        4
 Iskenderun's Mystic Bla  Conj/Tloc      0%         2d3       100%        4
 Leda's Liquefaction      Hex/Erth       0%         N/A       100%        4
 Summon Lightning Spire   Summ/Air       0%         N/A       100%        4
 Freezing Cloud           Conj/Ice/Air   0%         6-21      100%        5
 Death Channel            Necr           0%         N/A       100%        6
 Simulacrum               Ice/Necr       0%         N/A       100%        6
 Starburst                Conj/Fire      0%         6d3       100%        6
 Storm Form               Tmut/Air       0%         N/A       100%        7
 Discord                  Hex            0%         N/A       100%        8
 Maxwell's Capacitive Co  Air            0%         ∞         100%        8
 Chain Lightning          Conj/Air       0%         N/A       100%        9
 Fire Storm               Conj/Fire      0%         5d1       100%        9
 Shatter                  Erth           0%         3d5*      100%        9


Dungeon Overview and Level Annotations

Branches:
Dungeon (14/15)            Temple (1/1) D:5            Lair (6/6) D:9
  Swamp (4/4) Lair:4       Spider (4/4) Lair:4        Slime (0/5) Lair:5
    Orc (2/2) D:12            Elf (2/3) Orc:2        Vaults (0/5) D:14
Volcano (visited)         Desolation (visited)

Altars:
Ashenzari
Cheibriados
Dithmenos
Elyvilon
Fedhas
Gozag
Hepliaklqana
Kikubaaqudgha
Makhleb
Nemelex Xobeh
Okawaru
Qazlal
Ru
Sif Muna
Trog
Uskayaw
Vehumet
Wu Jian
Xom
Yredelemnul
Zin
The Shining One
Beogh

Shops:
D:1 !?*([   D:14 (   Orc:1 (   Orc:2 *[[[*   Elf:2 [

Portals:
Abyss: D:13

Annotations:
D:6 2 transporters, Agrostarius's ghost, novice MiBe
D:13 2 transporters, Fasaid's ghost, journeyman GnWr


Innate Abilities, Weirdness & Mutations

You have a pair of horns on your head.
You reflexively headbutt those who attack you in melee.
Your spells are a little easier to cast, but a little less powerful.
[Your magical capacity is very low. (-20% MP)]


Message History

The meliai hits you but does no damage. The meliai misses you.
The meliai calls down the wrath of its god upon you.
Something smites you!
* * * LOW HITPOINT WARNING * * *
The green very ugly thing closely misses you.
You fade into invisibility!
The meliai hits you with a +0 hand axe.
* * * LOW HITPOINT WARNING * * *
The meliai stings you but does no damage.
The meliai hits you but does no damage. The meliai completely misses you.
The meliai misses you. The meliai barely misses you. The meliai misses you.
The meliai closely misses you.
The wretched star pulses with an eldritch light!
You feel less energetic. x2
The wretched star glows turbulently.
The lance of force hits you!!
* * * LOW HITPOINT WARNING * * *
You are knocked back by the lance of force.
You slam into the rock wall!
* * * LOW HITPOINT WARNING * * *
The green very ugly thing closely misses you.
The queen bee calls on the meliai to defend it!
The meliai goes berserk!
You hit the wretched star. Your headbutt misses the wretched star.
The wretched star is lightly damaged.
The meliai hits you with a +0 hand axe.
* * * LOW HITPOINT WARNING * * *
The meliai barely misses you. The meliai closely misses you.
The meliai misses you. The meliai hits you but does no damage.
The meliai stings you.
* * * LOW HITPOINT WARNING * * *
You hit the green very ugly thing. You burn the green very ugly thing.
Your headbutt misses the green very ugly thing.
The green very ugly thing is severely wounded.
You feel less invigorated.
You feel less confused. The meliai barely misses you.
The meliai closely misses you.
A meliai comes into view. It is wielding a +0 hand axe.
The green very ugly thing stings you!
You die...

* * , , * , ,
,*** ,* , , ,
*,* ,*, , , *
* * * , * , *
# * * ###y#*
*, * * #@u#y
* ,, ,
#yu*†*..# *
,*.*y#y..#...
* , ##†# #y##
# * * ..,* ..
, * ..# ,#..
* , #†# * #.#
* * .. ,.. ,
, ,


You could see 2 very ugly things, 3 wretched stars, a queen bee and 4 meliai.

Vanquished Creatures
  the Lernaean hydra (Swamp:4)
  Nikola (Swamp:2)
  Arachne (Spider:4)
  Mlioglotl (Spider:3)
  Rupert (D:12)
  A lich (Abyss:3)
  4 thorn hunters
  Kirke (D:13)
  Donald (Swamp:2)
  The ghost of Valamore the Carver, an adept GnWn of Okawaru (Swamp:2)
  5 emperor scorpions
  The ghost of Kolaoc the Bludgeoner, a journeyman MiBe of Trog (Swamp:1)
  3 ghost moths (Spider:4)
  A deep elf sorcerer (Elf:1)
  Louise (Swamp:2)
  An orc warlord (Orc:1)
  A broodmother (Spider:2)
  The ghost of Ikly the Bludgeoner, a journeyman GrFi of Okawaru (Spider:3)
  3 very ugly things (Abyss:3)
  7 eleionomae
  4 bunyips
  A deep elf demonologist (Elf:1)
  4 spark wasps
  A deep elf annihilator (Elf:2)
  3 entropy weavers
  Snorg (Orc:2)
  An ettin (Orc:1)
  A shambling mangrove (Swamp:3)
  A ragged hierophant (Desolation)
  A fire dragon (Lair:6)
  2 servants of whispers (Desolation)
  16 hydras
  A vault guard (D:14)
  3 jorogumos
  4 boulder beetles
  2 ghost crabs
  2 peacekeepers
  3 centaur warriors
  2 ogre magi (Orc:2)
  A spriggan air mage (Swamp:3)
  3 catoblepae
  14 two-headed ogres
  Erica (D:8)
  A radroach (Spider:1)
  22 dancing weapons
  10 death yaks
  6 alligators
  A deep troll earth mage (D:12)
  A thrashing horror (Abyss:3)
  An orc high priest (Orc:1)
  Sonja (D:11)
  A sun demon (Abyss:3)
  A hell knight (D:12)
  11 deep elf knights
  Nergalle (Lair:4)
  2 large abominations (Abyss:3)
  3 sun moths
  5 pharaoh ants
  A death drake (Swamp:3)
  5 goliath frogs
  8 orb spiders
  13 swamp dragons
  2 deep trolls
  10 bog bodies
  5 spriggan druids
  4 steelbarb worms
  A fenstrider witch simulacrum (Swamp:2)
  3 ironbound convokers (Desolation)
  An orc knight (Orc:1)
  Pikel (D:8)
  18 deep elf pyromancers
  3 lindwurms
  3 deep elf archers
  10 ugly things
  23 wolf spiders
  3 harpies (D:12)
  13 deep elf zephyrmancers
  3 orc sorcerers
  7 cyclopes
  2 manticores (D:12)
  4 will-o-the-wisps
  A worldbinder (Abyss:3)
  A moth of wrath (Spider:1)
  A stone giant skeleton (Abyss:3)
  4 elephants (Lair:5)
  4 molten gargoyles
  9 black mambas
  A gargoyle (D:12)
  7 torpor snails
  10 cane toads
  A guardian serpent (Desolation)
  A smoke demon (Abyss:3)
  6 rime drakes
  An unseen horror (D:13)
  10 komodo dragons
  9 demonic crawlers
  A tengu conjurer (D:12)
  An efreet (D:14)
  2 anaconda simulacra (Elf:2)
  14 trolls
  15 meliai
  7 tyrant leeches
  3 polar bears
  10 hornets
  Prince Ribbit (Lair:1)
  13 saltlings
  28 tarantellas
  12 blink frogs
  18 slime creatures
  8 dream sheep (Lair:3)
  25 jumping spiders
  A shadow (D:9)
  2 spriggans
  A vampire (D:11)
  19 culicivoras
  2 air elementals
  2 water elementals
  Grum (D:8)
  2 wraiths (D:9)
  7 wyverns
  43 yaks
  10 basilisks
  2 steam dragons
  2 fire elementals (Elf:1)
  3 hogs (D:13)
  55 redbacks
  A minotaur simulacrum (Elf:2)
  4 vampire mosquitoes
  11 swamp worms
  A neqoxec (Abyss:3)
  A harpy simulacrum (Elf:2)
  3 acid dragons
  17 water moccasins
  4 hell hounds (Lair:6)
  A hydra simulacrum (Swamp:2)
  15 swamp drakes
  25 orc warriors
  A black bear (D:4)
  A sky beast (D:5)
  3 alligator simulacra (Elf:2)
  3 ice beasts
  21 ogres
  A necrophage (D:8)
  29 wolves
  7 centaurs
  2 lemures (D:8)
  12 bullfrogs
  A kobold brigand (D:9)
  2 gnoll sergeants
  A wyvern zombie (D:8)
  3 scorpions (D:5)
  2 water moccasin zombies (D:4)
  A deep troll simulacrum (Elf:2)
  5 killer bees
  5 wights (D:9)
  2 howler monkeys (D:9)
  An electric eel (Lair:1)
  A bullfrog zombie (D:3)
  5 lava snakes (Lair:6)
  A starcursed mass (Abyss:3)
  7 centaur zombies
  3 hounds
  A quasit (Abyss:3)
  16 orc priests
  A jelly (D:7)
  3 gnoll shamans
  21 orc wizards
  3 scorpion zombies (D:4)
  3 iguanas
  2 centaur simulacra
  4 hound zombies (D:4)
  A hound skeleton (D:4)
  3 howler monkey zombies
  10 adders
  27 gnolls
  A shadow imp (D:7)
  3 white imps
  6 adder zombies (D:4)
  3 adder skeletons (D:4)
  3 worms
  A dart slug (D:3)
  52 orcs
  7 endoplasms
  3 giant cockroaches
  8 goblins
  3 hobgoblins
  2 quokkas
  18 ball pythons
  15 bats
  A frilled lizard (D:1)
  6 kobolds
  5 rats
  4 briar patches (Swamp:4)
1134 creatures vanquished.

Vanquished Creatures (collateral kills)
  Agnes (Spider:4)
  A jorogumo (Spider:4)
  A spectral bunyip (Swamp:2)
  A spriggan druid (Swamp:2)
  2 spriggans (Swamp:2)
  A swamp worm (Swamp:2)
7 creatures vanquished.

Vanquished Creatures (others)
  A deep elf blademaster (Elf:2)
  2 eleionomae
  An alligator (Swamp:4)
  A goliath frog (Swamp:1)
  A spectral bunyip (Swamp:2)
  A bog body (Swamp:4)
  An orb spider (Spider:3)
  A deep elf pyromancer (Elf:2)
  8 bloated husks
  A spectral death drake (Swamp:2)
  2 tyrant leeches
  2 redbacks
  A spriggan simulacrum (Swamp:2)
  3 vampire mosquitoes (Swamp:2)
  3 briar patches (Swamp:3)
  24 foxfires
  46 fungi
  55 plants
  A withered plant (D:12)
155 creatures vanquished.

Grand Total: 1296 creatures vanquished

Notes
Turn   | Place    | Note
-------+----------+-------------------------------------------
     0 | D:1      | trickyswaf the Minotaur Fighter began the quest for the
                  | Orb.
     0 | D:1      | Reached XP level 1. HP: 19/19 MP: 0/0
    90 | D:1      | Found Comule's Magic Scroll Shoppe.
   136 | D:1      | Found Zattos's Weapon Shop.
   159 | D:1      | Found a faded altar of an unknown god.
   204 | D:1      | Reached XP level 2. HP: 18/27 MP: 1/1
   359 | D:1      | Found Qeofu's Armour Emporium.
   403 | D:1      | Found Ceijast's Assorted Antiques.
   974 | D:1      | Found Funiepne's Distillery.
  1493 | D:2      | Reached skill level 4 in Fighting
  1543 | D:2      | Reached XP level 3. HP: 33/33 MP: 2/2
  2161 | D:2      | Reached XP level 4. HP: 37/40 MP: 3/3
  2656 | D:2      | Reached XP level 5. HP: 35/47 MP: 4/4
  2910 | D:3      | Reached skill level 5 in Maces & Flails
  2937 | D:3      | Identified the ring of Loir {+Blink rF- rCorr Dex+3}
  3411 | D:3      | Reached skill level 5 in Armour
  3723 | D:3      | Identified the +2 dagger of Wu Jian's Inspiration {vorpal,
                  | Str+3}
  3747 | D:4      | Reached skill level 5 in Fighting
  3811 | D:4      | Reached XP level 6. HP: 50/56 MP: 5/5
  4296 | D:4      | Reached XP level 7. HP: 14/62 MP: 6/6
  4755 | D:4      | Reached skill level 6 in Fighting
  5037 | D:5      | Entered Level 5 of the Dungeon
  5044 | D:5      | Found a stormy altar of Qazlal.
  5044 | D:5      | Noticed an air elemental
  5048 | D:5      | Noticed a fire elemental
  5048 | D:5      | Noticed a water elemental
  5308 | D:5      | Found a staircase to the Ecumenical Temple.
  5477 | D:5      | Reached XP level 8. HP: 45/71 MP: 7/7
  6047 | Temple   | Entered the Ecumenical Temple
  6414 | Temple   | Became a worshipper of Ashenzari the Shackled
  6660 | D:5      | Reached skill level 7 in Fighting
  6758 | D:5      | Found a burning altar of Makhleb.
  6759 | D:5      | Found a white marble altar of Elyvilon.
  6805 | D:5      | Found a blossoming altar of Fedhas.
  6808 | D:5      | Found a basalt altar of Yredelemnul.
  6814 | D:5      | Found a shadowy altar of Dithmenos.
  6821 | D:5      | Found an iron altar of Okawaru.
  7001 | D:6      | Found a sacrificial altar of Ru.
  7524 | D:6      | Identified the +4 ring mail "Loar" {rElec rF+ Dex-5}
  7565 | D:6      | Found a transporter.
  7566 | D:6      | Found a transporter.
  7575 | D:6      | Noticed a two-headed ogre
  7582 | D:6      | Killed a two-headed ogre
  7583 | D:6      | Reached skill level 10 in Maces & Flails
  7583 | D:6      | Reached XP level 9. HP: 20/81 MP: 8/8
  8062 | D:6      | Reached skill level 8 in Fighting
  8605 | D:6      | Noticed Agrostarius's ghost (novice MiBe)
  8607 | D:6      | Identified the ring "Juk Miu" {Fly rCorr}
  8904 | D:7      | Found a shimmering altar of Xom.
  9246 | D:7      | Found a transporter.
  9249 | D:7      | Found a transporter.
  9419 | D:7      | Reached skill level 1 in Dodging
  9633 | D:7      | Noticed an orc sorcerer
  9642 | D:7      | Noticed an orange demon
  9643 | D:7      | Killed an orc sorcerer
  9963 | D:7      | Identified the +0 pair of gloves "Liosem Edwy" {rElec
                  | Regen+ Str+4 Slay-5}
 10101 | D:7      | Reached skill level 9 in Fighting
 10269 | D:8      | Noticed Pikel
 10285 | D:8      | Killed Pikel
 10286 | D:8      | Reached XP level 10. HP: 18/91 MP: 9/9
 10293 | D:7      | HP: 4/91 [poisoned by a gnoll]
 11009 | D:8      | Noticed a centaur warrior
 11033 | D:8      | Killed a centaur warrior
 11532 | D:8      | Noticed Erica
 11546 | D:8      | Killed Erica
 11547 | D:8      | Reached * piety under Ashenzari
 11712 | D:8      | Found a bloodstained altar of Trog.
 12148 | D:8      | Noticed Grum
 12156 | D:8      | Killed Grum
 12600 | D:9      | Reached ** piety under Ashenzari
 12612 | D:9      | Noticed a two-headed ogre
 12619 | D:9      | Killed a two-headed ogre
 12620 | D:9      | Reached skill level 10 in Fighting
 12620 | D:9      | Reached skill level 10 in Armour
 12620 | D:9      | Reached skill level 5 in Dodging
 13338 | D:9      | Reached XP level 11. HP: 95/102 MP: 10/10
 13549 | D:9      | Found a staircase to the Lair.
 13840 | D:9      | Noticed a two-headed ogre
 14207 | D:9      | Identified the ring of the King {rF+ rN+ rCorr Int+4
                  | Stlth+}
 14246 | D:9      | Killed a two-headed ogre
 14551 | D:9      | Noticed a two-headed ogre
 14558 | D:9      | Killed a two-headed ogre
 14565 | D:9      | Reached skill level 11 in Fighting
 15306 | D:1      | Bought a scroll of acquirement for 572 gold pieces
 15306 | D:1      | Acquired 1168 gold pieces
 15360 | D:1      | Bought a +0 plate armour of willpower for 360 gold pieces
 15360 | D:1      | Bought the -2 hat of the Alchemist {rElec rPois rF+ rC+ rN+
                  | Will+ rMut rCorr} for 566 gold pieces
 15360 | D:1      | Found the -2 hat of the Alchemist {rElec rPois rF+ rC+ rN+
                  | Will+ rMut rCorr}
 15426 | D:1      | Bought a scroll of enchant armour for 82 gold pieces
 15863 | Lair:1   | Entered Level 1 of the Lair of Beasts
 16280 | Lair:1   | Noticed Prince Ribbit
 16287 | Lair:1   | Killed Prince Ribbit
 16288 | Lair:1   | Reached skill level 15 in Maces & Flails
 17431 | Lair:2   | Reached XP level 12. HP: 113/113 MP: 11/11
 17501 | Lair:2   | Noticed a death yak
 17517 | Lair:2   | Killed a death yak
 17655 | Lair:2   | Found a dark tunnel.
 17664 | Volcano  | Entered a volcano
 19103 | Lair:3   | Reached skill level 12 in Fighting
 19178 | Lair:3   | Noticed a boulder beetle
 19191 | Lair:3   | Killed a boulder beetle
 19449 | Lair:3   | Noticed an eight-headed hydra
 19458 | Lair:3   | Killed an eight-headed hydra
 19772 | Lair:3   | Noticed a four-headed hydra
 19789 | Lair:3   | Killed a four-headed hydra
 19792 | Lair:3   | Reached skill level 5 in Shields
 20228 | Lair:3   | Identified the +2 robe of the Eternal Void {Contam rN+
                  | Dex+10}
 20520 | Lair:4   | Noticed a death yak
 20525 | Lair:4   | Reached XP level 13. HP: 125/125 MP: 12/12
 20902 | Lair:4   | Reached skill level 13 in Fighting
 20922 | Lair:4   | Noticed Nergalle
 20929 | Lair:4   | Killed Nergalle
 21583 | Lair:4   | Reached skill level 10 in Dodging
 22061 | Lair:4   | Found a staircase to the Swamp.
 22380 | Lair:4   | Found a hole to the Spider Nest.
 23565 | Lair:5   | Found a staircase to the Slime Pits.
 24102 | Lair:6   | Entered Level 6 of the Lair of Beasts
 24117 | Lair:6   | Reached skill level 14 in Fighting
 24798 | Lair:6   | Reached XP level 14. HP: 127/137 MP: 13/13
 25229 | Lair:6   | Found a large runed translucent door.
 25475 | Lair:6   | Found a large runed translucent door.
 26572 | D:10     | Entered Level 10 of the Dungeon
 26596 | D:10     | Found a sparkling altar of Nemelex Xobeh.
 26596 | D:10     | Found a radiant altar of Vehumet.
 26949 | D:10     | Found a hide-covered altar of Uskayaw.
 27481 | D:11     | Found Zin's Purification Station.
 27481 | D:11     | Found a glowing silver altar of Zin.
 27489 | D:11     | Bought a potion of curing for 90 gold pieces
 27814 | D:11     | Noticed Sonja
 27823 | D:11     | Killed Sonja
 28409 | D:12     | Noticed Rupert
 28427 | D:12     | Killed Rupert
 28428 | D:12     | Reached skill level 15 in Fighting
 28428 | D:12     | Reached skill level 15 in Armour
 28428 | D:12     | Reached skill level 10 in Shields
 28710 | D:12     | Found a staircase to the Orcish Mines.
 29336 | D:12     | Reached *** piety under Ashenzari
 29517 | Orc:1    | Entered Level 1 of the Orcish Mines
 29517 | Orc:1    | Found Guex's Weapon Boutique.
 29964 | Orc:2    | Entered Level 2 of the Orcish Mines
 29964 | Orc:2    | Noticed Snorg
 29974 | Orc:2    | Killed Snorg
 30043 | Orc:2    | Noticed an orc warlord
 31158 | Orc:1    | Reached XP level 15. HP: 104/150 MP: 14/14
 31377 | Orc:1    | Killed an orc warlord
 32894 | Orc:2    | Found Kaatenwu's General Store.
 32964 | Orc:2    | Bought a potion of curing for 42 gold pieces
 32978 | Orc:2    | Found a staircase to the Elven Halls.
 33032 | Orc:2    | Found Taekor's Armour Emporium.
 33033 | Orc:2    | Found Tassun's Armour Shoppe.
 33038 | Orc:2    | Found Xege's General Store.
 33046 | Orc:2    | Reached skill level 16 in Fighting
 33058 | Orc:2    | Bought a +0 cloak for 67 gold pieces
 33072 | Orc:2    | Found Kyupig's Armour Emporium.
 33076 | Orc:2    | Bought 2 potions of haste for 320 gold pieces
 33081 | Orc:2    | Bought a +2 pair of gloves of strength for 344 gold pieces
 33513 | Elf:1    | Entered Level 1 of the Elven Halls
 34832 | Elf:1    | Noticed a deep elf sorcerer
 34847 | Elf:1    | Killed a deep elf sorcerer
 35424 | Elf:1    | Reached skill level 1 in Stealth
 35475 | Elf:1    | Noticed an Ice Fiend
 36548 | Swamp:1  | Entered Level 1 of the Swamp
 36565 | Swamp:1  | Identified the Compendium of Malediction
 36589 | Swamp:1  | Found a large runed translucent door.
 36589 | Swamp:1  | Identified the +10 mace "Kirays" {antimagic, rC+ Str+5}
 36590 | Swamp:1  | Found a large runed translucent door.
 36591 | Swamp:1  | Identified the +5 demon trident of the Sneaky Emperors
                  | {flame, rF+ rN++ Will+ Str-4}
 36594 | Swamp:1  | Noticed Kolaoc's ghost (journeyman MiBe)
 36611 | Swamp:1  | Killed Kolaoc's ghost
 36943 | Swamp:1  | Noticed a thorn hunter
 36952 | Swamp:1  | Killed a thorn hunter
 37791 | Swamp:2  | Found a transporter.
 37800 | Swamp:2  | Noticed Valamore's ghost (adept GnWn)
 37819 | Swamp:2  | Noticed Louise
 38411 | Swamp:2  | Killed Louise
 38412 | Swamp:2  | Reached skill level 17 in Fighting
 38437 | Swamp:2  | Found a transporter.
 38531 | Swamp:2  | Noticed Nikola
 38567 | Swamp:2  | Killed Nikola
 38568 | Swamp:2  | Reached XP level 16. HP: 89/162 MP: 15/15
 39030 | Swamp:2  | Noticed Donald
 39043 | Swamp:2  | Killed Donald
 39790 | Swamp:2  | Killed Valamore's ghost
 40084 | Swamp:3  | Noticed a thorn hunter
 40084 | Swamp:3  | Noticed a thorn hunter
 40296 | Swamp:3  | Killed a thorn hunter
 40307 | Swamp:3  | Killed a thorn hunter
 41487 | Swamp:4  | Entered Level 4 of the Swamp
 42084 | Swamp:3  | Reached skill level 18 in Fighting
 43205 | Swamp:4  | Found a white marble altar of Elyvilon.
 43337 | Swamp:4  | Noticed the 27-headed Lernaean hydra
 43342 | Swamp:4  | Killed the 27-headed Lernaean hydra
 43349 | Swamp:4  | Got a decaying rune of Zot
 43726 | Swamp:4  | Found the +10 tower shield of Ignorance {rN+ Int-4}
 43904 | Swamp:4  | Noticed a thorn hunter
 43917 | Swamp:4  | Killed a thorn hunter
 43918 | Swamp:4  | Reached XP level 17. HP: 100/173 MP: 10/16
 44586 | D:13     | Acquired the +5 kite shield "Eriutap" {rElec Regen+ Stlth-}
 44649 | D:13     | Noticed Kirke
 44660 | D:13     | Killed Kirke
 44661 | D:13     | Reached skill level 5 in Stealth
 45110 | D:13     | Found a transporter.
 45110 | D:13     | Found a transporter.
 45110 | D:13     | Noticed Fasaid's ghost (journeyman GnWr)
 45114 | D:13     | Identified the +0 chain mail "Ipsaboc" {rN+}
 45152 | D:13     | Found a one-way gate to the infinite horrors of the Abyss.
 45542 | D:14     | Found Zamusie's Antique Weapon Emporium.
 45851 | D:14     | Found a gate to the Vaults.
 46331 | Spider:1 | Entered Level 1 of the Spider Nest
 46761 | Spider:1 | Reached skill level 19 in Fighting
 48029 | Spider:1 | Reached skill level 1 in Throwing
 48396 | Spider:2 | Identified the +2 robe of Buxoskeb {+Blink rC+}
 48502 | Spider:2 | Reached skill level 15 in Dodging
 50549 | Spider:3 | Noticed Mlioglotl
 50560 | Spider:3 | Killed Mlioglotl
 50698 | Spider:3 | Reached XP level 18. HP: 182/187 MP: 15/17
 50722 | Spider:3 | Reached skill level 20 in Fighting
 51581 | Spider:3 | Found a large runed translucent door.
 51581 | Spider:3 | Found a large runed translucent door.
 51583 | Spider:3 | Noticed Ikly's ghost (journeyman GrFi)
 51803 | Spider:3 | Killed Ikly's ghost
 51878 | Spider:4 | Entered Level 4 of the Spider Nest
 52202 | Spider:4 | Noticed Arachne
 52648 | Spider:4 | Killed Arachne
 52866 | Spider:4 | Noticed Agnes
 52909 | Spider:4 | Killed Agnes
 53855 | Spider:4 | Reached skill level 15 in Shields
 55161 | Spider:4 | Got a gossamer rune of Zot
 55883 | D:1      | Bought a scroll of blinking for 150 gold pieces
 55883 | D:1      | Bought a scroll of teleportation for 60 gold pieces
 55883 | D:1      | Bought a potion of haste for 200 gold pieces
 55883 | D:1      | Bought a potion of curing for 60 gold pieces
 55883 | D:1      | Bought a potion of might for 80 gold pieces
 56512 | Elf:2    | Found a frozen archway.
 56620 | Elf:2    | Found a crumbling gateway.
 56625 | Desolati | Entered the Desolation of Salt
 56694 | Desolati | Reached skill level 5 in Throwing
 57130 | Elf:2    | Found Ihainae's Armour Shop.
 57205 | Elf:2    | Reached skill level 21 in Fighting
 57417 | Elf:2    | Found a runed translucent gate.
 57417 | Elf:2    | Found a runed translucent gate.
 57417 | Elf:2    | Found a runed translucent gate.
 58768 | Elf:2    | Reached XP level 19. HP: 157/198 MP: 1/18
 58920 | Elf:2    | Cast into level 3 of the Abyss (+2 bardiche of distortion)
 59072 | Abyss:3  | Gained mutation: Your spells are a little easier to cast,
                  | but a little less powerful. [a cacodemon]
 59102 | Abyss:3  | HP: 6/195 [wretched star/lance of force (13)]
 59103 | Abyss:3  | HP: 2/195 [meliai/+0 hand axe (4)]
 59104 | Abyss:3  | Slain by a green very ugly thing

Illustrated notes

Levels and vault maps discovered:
D:1:      dpeg_arrival_simpleton_b, layout_basic, serial_shops,
          nicolae_shop_advertising_works [nicolae_subvault_shop_adworks],
          nicolae_lakefront_shop, shop, shop, nicolae_shop_stone,
          shapermc_ecumenical_altar_flowoftime, st_stairs_6, feat_on_display
D:2:      minmay_spotlight, layout_basic, minivault_5, minmay_snake_closets
D:3:      layout_loops_ring, minmay_misc_feat_hallway
D:4:      black_bear_nest_2, layout_loops_ring, serial_undead, serial_undead_a,
          serial_undead_a, serial_undead_b, serial_undead_b, serial_undead_a,
          serial_undead_f
D:5:      old_forge, layout_loops_ring, nicolae_overflow_hallway_of_the_gods,
          nicolae_qazlal_style_of_elements, minmay_temple_entry_trees
D:6:      layout_basic, nicolae_ru_sacrificial_ziggurat,
          lightli_ossuary_entry_decrepit_ruins, gammafunk_ghost_gnarly_gnolls
D:7:      cheibrodos_wizards_tower, layout_rooms,
          gammafunk_temple_overflow_arena
D:8:      layout_loops_ring, kennysheep_mini_moat, uniq_grum, uniq_erica,
          uniq_pikel
D:9:      kennysheep_windowed_halls, layout_cave_pods, david_lair_shrubbed,
          serial_column_ruins, column_ruins_grid_5, column_ruins_hut_ruined,
          column_ruins_open_medium, column_ruins_corridor_straight,
          column_ruins_open_small, column_ruins_columns_corner,
          column_ruins_open_small
D:10:     layout_basic, eat_drink_and_be_merry_uskayaw,
          mainiacjoe_overflow_large_starburst
D:11:     layout_stronghold, zin_purify, uniq_sonja
D:12:     minmay_diamond_stairs, layout_cave_pools,
          minmay_orc_entry_temple_small, argonaut_gorgonesque, uniq_rupert
D:13:     layout_long_grid, gammafunk_ghost_abyssal_escape, serial_shops,
          bzr_in_the_mist, uniq_kirke
D:14:     layout_basic, david_vaults_5, roderic_lattice_octagonal_star,
          serial_shops, nicolae_square_shop, dk_noncrumbling_2
Temple:   compressed_dpeg_triangle_lava_temple
Lair:1:   layout_cave_pods, serial_bayou_lake_a, grunt_megastairs_5,
          uniq_prince_ribbit2
Lair:2:   layout_cellular_growth, nicolae_volcano_entry_vermiform
Lair:3:   layout_roguey, minivault_26, serial_bayou_shore_a,
          serial_bayou_shore_b, grunt_megastairs_3
Lair:4:   layout_loops_ring, minmay_swamp_entry_worms,
          spider_nest_entry_funnel_web, kennysheep_catoblepas_arena,
          uniq_nergalle
Lair:5:   layout_cave_pods, dpeg_slime_entry_corner
Lair:6:   cheibrodos_lair_end_hotspot, layout_gridlike
Swamp:1:  layout_falls_marsh, ebering_ghost_disaster_area,
          evilmike_swamp_ruin_house_1, swamp_pool3, nicolae_swamp_dense_foliage
Swamp:2:  layout_basic_swamp, gammafunk_ghost_mausoleum,
          evilmike_swamp_ruin_house_4, swamp_pool5, roderic_carrion_pond,
          uniq_louise, uniq_donald, uniq_nikola
Swamp:3:  layout_falls_marsh, nicolae_swamp_tree_isthmus, water_boxes_lemuel
Swamp:4:  grunt_swamp_rune_castle, layout_basic_swamp, swamp_pool5,
          nicolae_swamp_godswood
Spider:1: layout_cave_pods, hellmonk_test_site
Spider:2: layout_spider_delve
Spider:3: cheibrodos_forgotten_conduit, ebering_ghost_disaster_area,
          uniq_mlioglotl
Spider:4: spider_rune_water, uniq_arachne, uniq_agnes
Orc:1:    layout_diamond_mine, serial_shops, shop
Orc:2:    st_orc_open, layout_caves, serial_shops, shop, uniq_snorg
Elf:1:    eino_elf_arrival_the_gate, layout_loops_cross, hangedman_elf_represent
Elf:2:    nicolae_elf_blades_splatter_lattice
          [nicolae_blade_entry_diamond_columns], layout_geoelf_grid,
          portal_ice_cave_entry_ice_simulacra, serial_shops,
          nicolae_shop_behind_doors, portal_desolation_entry_salt
Abyss:3:  base: IceCv, grunt_abyss_rune_wretched_hive

Skill      XL: |  1  2  3  4  5  6  7  8  9 10 11 12 13 14 15 16 17 18 |
---------------+-------------------------------------------------------+-----
Maces & Flails | 3 4 5 7 8 10 12 13 15 17 18 | 18.5
Armour         | 4 5 6 8 9 10 11 12 14 15 16 17 18 19 | 19.1
Fighting       | 4 5 6 7 9 10 11 12 14 15 17 18 19 21 | 21.4
Dodging        | 3 5 7 9 10 12 13 14 15 16 | 16.1
Shields        | 5 8 11 12 13 14 15 | 15.7
Stealth        | 2 4 5 |  5.7
Throwing       | 3 5 |  5.9

Action                   |  1- 3 |  4- 6 |  7- 9 | 10-12 | 13-15 | 16-18 | 19-21 || total
-------------------------+-------+-------+-------+-------+-------+-------+-------++-------
Melee: Flail             |   101 |   193 |   250 |   119 |       |       |       ||   663
       Headbutt          |    10 |    34 |    51 |   106 |   260 |   321 |    19 ||   801
       Morningstar       |       |       |       |   383 |  1057 |  1372 |    67 ||  2879
       Punch             |       |       |       |       |    17 |       |       ||    17
Invok: Curse Item        |       |       |     1 |     4 |     3 |       |       ||     8
       Shatter the Chain |       |       |       |     2 |     1 |       |     1 ||     4
Evoke: Wand              |       |       |       |       |       |     1 |       ||     1
       Box of beasts     |       |       |       |       |       |     1 |       ||     1
  Use: Scroll            |       |       |    18 |     8 |     4 |    16 |     2 ||    48
       Potion            |       |       |     3 |     2 |     9 |    11 |     4 ||    29
 Stab: Held in net/web   |       |       |     2 |       |       |       |       ||     2
       Petrified         |       |       |       |       |     4 |       |       ||     4
       Confused          |       |       |       |       |       |     2 |       ||     2
Armor: Scale mail        |    44 |   120 |   126 |    66 |       |       |       ||   356
       Plate armour      |       |       |       |   123 |   522 |   828 |    28 ||  1501
Dodge: Dodged            |    52 |   109 |   111 |   209 |   552 |   937 |    48 ||  2018
Block: Buckler           |    28 |    53 |    66 |   103 |       |       |       ||   250
       Kite shield       |       |       |       |       |   386 |  1197 |    45 ||  1628
       Reflection        |       |       |       |       |    10 |    21 |       ||    31
